AoeStats
← Ronk999

Fortress

509470994Analyzed
4v4 RM · 6d ago on Sep 26, 2026· 84m 57s· 8 players
Game mode
Random Map
Map size
Huge
Population
200
Speed
Normal
Resources
Standard
Victory
Conquest
Starting age
Dark Age
Ending age
Imperial Age
RankedLock teamsTeams togetherTeam positionsShared explorationLock speedFull tech treeHidden civsTurbo modeCheats
Victory
Defeat
🇩🇪 Persians · Germany
885
+13
🇩🇪 Khmer · Germany
823
+16
🇸🇪 Italians · Sweden
804
+16
🇹🇷 Huns · Türkiye
802
+29
🇺🇸 Burgundians · United States
886
-17
🇦🇺 Maya · Australia
862
-17
🇺🇸 Saxons · United States
842
-17
🇬🇧 Danes · United Kingdom
667
-10
rani
8:06 Feudal Age
14:31 Castle Age
17:02 Double-Bit Axe
17:01 Horse Collar
17:14 Fletching
17:50 Bodkin Arrow
18:18 Bow Saw
20:04 Gold Mining
20:22 Padded Archer Armor
27:08 Imperial Age
25:38 Ballistics
26:54 Leather Archer Armor
28:54 Chemistry
28:32 Thumb Ring
28:53 Bracer
38:39 Pirotechnia
50:38 Onager
Matambo
8:42 Feudal Age
11:09 Wheelbarrow
13:14 Castle Age
11:10 Double-Bit Axe
11:11 Horse Collar
11:26 Gold Mining
12:43 Stone Mining
13:50 Loom
16:21 Hand Cart
18:17 Stone Shaft Mining
18:22 Gold Shaft Mining
17:59 Bow Saw
21:06 Heavy Plow
24:21 Imperial Age
23:04 Scale Barding Armor
23:09 Forging
22:50 Fletching
23:00 Padded Archer Armor
25:47 Ballistics
26:40 Chain Barding Armor
26:56 Iron Casting
28:57 Imperial Age
27:04 Bodkin Arrow
27:24 Leather Archer Armor
27:57 Town Watch
29:34 Elite Ballista Elephant
30:32 Double Crossbow
31:02 Conscription
32:04 Chemistry
32:48 Plate Barding Armor
33:19 Blast Furnace
33:06 Ring Archer Armor
32:54 Bracer
35:59 Crop Rotation
50:13 Caravan
50:44 Coinage
58:57 Banking
83:54 Spies/Treason
Ronk999
0:59 Loom
7:42 Feudal Age
12:02 Castle Age
10:15 Double-Bit Axe
10:36 Horse Collar
19:09 Bow Saw
20:50 Stone Mining
24:01 Heavy Plow
24:35 Scale Mail Armor
25:45 Squires
28:40 Imperial Age
27:43 Wheelbarrow
27:55 Forging
28:27 Chain Mail Armor
29:32 Elite War Elephant
30:45 Plate Mail Armor
30:51 Iron Casting
30:39 Conscription
31:06 Hand Cart
31:12 Town Watch
32:40 Two-Man Saw
33:20 Crop Rotation
33:06 Caravan
33:25 Town Patrol
33:28 Gold Mining
35:04 Stone Shaft Mining
35:08 Gold Shaft Mining
35:54 Blast Furnace
35:33 Scale Barding Armor
36:10 Cavalier
37:03 Bloodlines
36:55 Husbandry
38:30 Chain Barding Armor
40:08 Chemistry
39:31 Ballistics
42:24 Savar
49:25 Plate Barding Armor
57:20 Guilds
64:48 Pikeman
65:32 Halberdier
70:30 Arson
80:15 Spies/Treason
Mirliva1881
9:47 Feudal Age
8:04 Loom
12:23 Wheelbarrow
11:34 Town Watch
15:47 Castle Age
13:54 Double-Bit Axe
14:33 Horse Collar
17:39 Bow Saw
17:35 Heavy Plow
24:40 Bloodlines
24:34 Husbandry
29:31 Imperial Age
27:23 Hand Cart
27:26 Forging
27:22 Scale Barding Armor
27:10 Fletching
28:25 Gold Mining
28:30 Stone Mining
28:53 Masonry
29:42 Ballistics
30:04 Iron Casting
29:50 Chain Barding Armor
29:26 Bodkin Arrow
29:36 Cavalier
31:33 Chemistry
32:28 Paladin
34:19 Gold Shaft Mining
36:38 Two-Man Saw
37:45 Blast Furnace
37:21 Plate Barding Armor
38:58 Caravan
39:29 Coinage
39:13 Guilds
39:11 Bracer
43:10 Heavy Cavalry Archer
44:44 Parthian Tactics
44:27 Thumb Ring
45:41 Padded Archer Armor
48:46 Leather Archer Armor
47:59 Elite Skirmisher
52:53 Coinage
58:28 Scale Mail Armor
59:01 Banking
58:58 Marauders
58:29 Elite Tarkan
60:59 Murder Holes
71:52 Atheism
82:16 Spies/Treason
Juggsgotcha2711
0:31 Loom
6:39 Feudal Age
7:58 Wheelbarrow
7:17 Double-Bit Axe
7:45 Horse Collar
13:30 Town Watch
15:55 Castle Age
14:16 Fletching
15:18 Arson
16:47 Stone Mining
17:41 Bow Saw
21:33 Bodkin Arrow
24:56 Masonry
25:06 Forging
26:21 Ballistics
26:54 Iron Casting
26:22 Gold Mining
28:56 Gold Shaft Mining
28:43 Fortified Wall
32:40 Imperial Age
30:18 Squires
30:27 Scale Mail Armor
30:52 Heated Shot
31:56 Chain Mail Armor
34:22 Bracer
36:02 Two-Man Saw
36:46 Plate Mail Armor
36:01 Shield Wall
39:23 Padded Archer Armor
39:23 Pikeman
42:08 Halberdier
44:02 Architecture
44:38 Hand Cart
44:27 Husbandry
44:38 Bloodlines
45:17 Siege Engineers
45:13 Murder Holes
47:34 Hoardings
48:42 Heavy Plow
51:03 Conscription
53:38 Elite Varangian Guard
59:12 Scale Barding Armor
59:00 Arrowslits
59:21 Guard Tower
61:27 Town Patrol
63:17 Capped Ram
64:57 Light Cavalry
66:19 Chain Barding Armor
67:00 Leather Archer Armor
66:48 Siege Ram
69:17 Onager
70:22 Gambesons
71:45 Crossbowman
72:48 Elite Hearth Troop
75:33 Ring Archer Armor
75:44 Keep
KaiserRibbit
6:51 Loom
9:43 Feudal Age
10:12 Double-Bit Axe
14:14 Horse Collar
20:45 Castle Age
20:54 Wheelbarrow
23:05 Arson
23:22 Squires
23:08 Gambesons
23:38 Forging
23:28 Scale Mail Armor
24:05 Husbandry
24:16 Bloodlines
24:22 Scale Barding Armor
25:01 Gold Mining
25:16 Stone Mining
28:25 Man-at-Arms
30:16 Stone Shaft Mining
30:16 Gold Shaft Mining
30:28 Gold Shaft Mining
30:24 Light Cavalry
33:56 Fletching
34:06 Padded Archer Armor
34:14 Heavy Plow
34:52 Hand Cart
34:26 Town Watch
45:32 Imperial Age
48:24 Town Patrol
50:30 Pikeman
53:29 Iron Casting
53:10 Chain Mail Armor
53:40 Conscription
56:38 Chain Mail Armor
57:24 Blast Furnace
59:17 Halberdier
bergiebird
2:52 Loom
6:03 Feudal Age
4:44 Double-Bit Axe
5:01 Loom
5:05 Horse Collar
6:24 Wheelbarrow
7:06 Heavy Plow
7:18 Bow Saw
13:53 Castle Age
11:52 Loom
12:43 Wheelbarrow
12:13 Stone Mining
13:40 Stone Shaft Mining
13:59 Gold Mining
14:27 Town Watch
16:15 Gold Shaft Mining
16:08 Fervor
16:46 Hand Cart
17:33 Fervor
21:47 Crop Rotation
22:19 Two-Man Saw
22:49 Town Patrol
24:21 Burgundian Vineyards
24:34 Fortified Wall
24:35 Masonry
24:06 Treadmill Crane
24:18 Guard Tower
24:23 Murder Holes
24:22 Fletching
25:07 Bodkin Arrow
25:36 Ballistics
30:42 Imperial Age
29:45 Squires
29:30 Arson
30:09 Padded Archer Armor
30:20 Forging
30:11 Scale Mail Armor
30:16 Scale Barding Armor
31:53 Architecture
31:59 Keep
31:10 Arrowslits
32:26 Chemistry
31:29 Bracer
33:03 Conscription
34:55 Chain Barding Armor
35:11 Iron Casting
35:34 Block Printing
35:45 Illumination
37:09 Caravan
37:19 Guilds
38:54 Hoardings
44:43 Bombard Tower
47:50 Leather Archer Armor
48:11 Plate Barding Armor
48:37 Blast Furnace
46:58 Elite Coustillier
51:38 Husbandry
67:21 Chain Mail Armor
resistancejohnconner
2:34 Loom
8:10 Feudal Age
11:54 Castle Age
9:51 Double-Bit Axe
10:05 Horse Collar
13:14 Wheelbarrow
12:54 Bow Saw
13:11 Heavy Plow
18:35 Hand Cart
19:08 Gold Mining
22:41 Eagle Warrior
26:08 Imperial Age
24:23 Eagle Warrior
25:07 Scale Mail Armor
24:57 Fletching
25:08 Padded Archer Armor
25:19 Forging
26:15 Chain Mail Armor
26:53 Stone Mining
26:43 Capped Ram
28:40 Leather Archer Armor
29:01 Iron Casting
29:13 Elite Eagle Warrior
32:04 Blast Furnace
31:39 Elite Plumed Archer
34:37 Ring Archer Armor
34:03 Bodkin Arrow
35:17 Ballistics
36:01 Plate Mail Armor
36:35 Thumb Ring
36:35 Siege Ram
40:44 Pikeman
41:26 Squires
42:17 Halberdier
44:51 Bracer
46:28 Elite Skirmisher
Connection lost

Rejoining the realm…

Still unreachable

The connection could not be restored.

Session expired

The server has moved on; the page needs a fresh start.